[Event "*** Titled Tuesday Blitz"]
[Site "Chess.com"]
[Date "2021.04.27"]
[Round "11"]
[White "secretsuperstar7"]
[Black "Zipa5"]
[Result "1-0"]
[WhiteElo "2215"]
[BlackElo "1882"]
[TimeControl "180+1"]
[EndTime "12:04:09 PDT"]
[Termination "secretsuperstar7 won by checkmate"]

1. d4 g6 2. c4 Bg7 3. Nf3 d6 4. Nc3 Nd7 5. e4 e5 6. Be3 Nh6 7. h3 f6 8. Be2 Nf7 9. O-O c6 10. Qc2 O-O 11. Rad1 Qe7 12. Rfe1 Bh6 13. Bxh6 Nxh6 14.
Qd2 Kg7 15. Nh2 Nf7 16. h4 exd4 17. Qxd4 Nc5 18. h5 Qe5 19. Qe3 f5 20. f4 Qe7 21.
Qd4+ Qf6 22. e5 dxe5 23. Qxc5 exf4 24. Qd4 g5 25. Nf3 h6 26. Qxf6+ Kxf6 27. Nd4 Bd7 28. c5 Rad8 29. Bc4 Ne5 30. Bb3 Bc8 31. Nf3 Ng4 32. Rd6+ Kg7 33. Re7+ Kh8 34. Ne5 Nxe5 35. Rxh6# 1-0

[Event "*** Titled Tuesday Blitz"]
[Site "Chess.com"]
[Date "2021.04.27"]
[Round "11"]
[White "RamyresCoelho"]
[Black "grandcoach"]
[Result "1/2-1/2"]
[WhiteElo "2161"]
[BlackElo "2233"]
[TimeControl "180+1"]
[EndTime "12:04:10 PDT"]
[Termination "Game drawn by repetition"]

1. e4 c5 2. Nf3 Nc6 3. d4 cxd4 4.
Nxd4 e5 5. Nxc6 dxc6 6. Qxd8+ Kxd8 7. Bc4 Ke8 8. O-O Bc5 9. Be3 Bxe3 10. fxe3 Nf6 11. Nc3 b5 12. Bb3 a5 13. a3 Ba6 14.
Rf5 Ke7 15. Rxe5+ Kd6 16. Rg5 b4 17. e5+ Ke7 18. exf6+ gxf6 19. Rxa5 bxc3 20. bxc3 Rhg8 21. Rd1 Bb5 22. Rxa8 Rxa8 23. a4 Be2 24. Rd2 Bg4 25. h3 Bf5 26. Rd4 Rg8 27. Kh2 Be6 28. Rb4 Kd6 29.
Bxe6 fxe6 30. Rb7 h5 31. Ra7 Rg5 32. Ra8 Rc5 33. Rh8 Rxc3 34. Rxh5 Rxe3 35. c4 f5 36. Rh4 Ra3 37. Kg1 c5 38. Kf2 Rxa4 39. Ke3 Ke5 40. Kd3 Ra3+ 41. Ke2 Rg3 42. Kf2 Rc3 43. Ke2 Rc2+ 44.
Kf3 Rc3+ 45. Ke2 Ra3 46. Kf2 Rc3 47. Ke2 1/2-1/2

[Event "*** Titled Tuesday Blitz"]
[Site "Chess.com"]
[Date "2021.04.27"]
[Round "11"]
[White "Bigfish1995"]
[Black "DenLaz"]
[Result "1-0"]
[WhiteElo "2992"]
[BlackElo "2819"]
[TimeControl "180+1"]
[EndTime "12:04:11 PDT"]
[Termination "Bigfish1995 won by resignation"]

1. e4 e5 2. Nf3 Nc6 3. Bc4 Bc5 4. c3 Nf6 5. d4 exd4 6. e5 d5 7. Bb5 Ne4 8. cxd4 Bb6 9. Be3 O-O 10. h3 f6 11. Bxc6 bxc6 12. O-O fxe5 13. Nxe5 Qh4 14. Nd2 Ba6 15. Nxe4 Bxf1 16. Ng5 Ba6 17. Ng4 Kh8 18. Ne5 Kg8 19. a4 c5 20. dxc5 d4 21. Qb3+ Kh8 22. Nef7+ Rxf7 23. Nxf7+ Kg8 24. Ng5+ Kh8 25. Qd5 Rf8 26.
Nf7+ Rxf7 27. Qxf7 h6 28. Qf8+ Kh7 29. Qf5+ Kh8 30. cxb6 dxe3 31. bxa7 Bb7 32. fxe3 Qg3 33. Qf2 Qg6 34. a8=Q+ Bxa8 35. Qf8+ 1-0

[Event "*** Titled Tuesday Blitz"]
[Site "Chess.com"]
[Date "2021.04.27"]
[Round "11"]
[White "jacky72"]
[Black "AlexTriapishko"]
[Result "1-0"]
[WhiteElo "2762"]
[BlackElo "2864"]
[TimeControl "180+1"]
[EndTime "12:04:12 PDT"]
[Termination "jacky72 won by resignation"]

1. d4 Nf6 2. c4 e6 3. Nf3 d5 4.
Nc3 Bb4 5. cxd5 exd5 6. Bg5 O-O 7. e3 Bf5 8. Bd3 Bxd3 9. Qxd3 c6 10. O-O Nbd7 11.
Ne5 Be7 12. Nxd7 Nxd7 13. Bf4 a5 14. f3 a4 15. e4 a3 16. exd5 axb2 17. Rab1 Ra3 18.
Rxb2 Qa5 19. Bd2 Bb4 20. Rb3 Rxb3 21. axb3 Bxc3 22. Bxc3 Qxd5 23. Qc4 Nf6 24. Re1 Qd7 25.
Re5 Nd5 26. Bd2 f6 27. Re4 Qf7 28. b4 Ra8 29. b5 cxb5 30. Qxb5 h5 31. Re1 Ra2 32.
Re8+ Kh7 33. Qb1+ g6 34. Qxa2 Qxe8 35. Qxd5 Qe2 36. Qf7+ Kh8 37. Qxf6+ Kh7 38. Qf7+ Kh8 39. Qf8+ Kh7 40. Qh6+ Kg8 41. Qxg6+ Kh8 42. Qxh5+ Kg8 43. Qg5+ Kf7 44. h4 1-0

[Event "*** Titled Tuesday Blitz"]
[Site "Chess.com"]
[Date "2021.04.27"]
[Round "11"]
[White "MPGM"]
[Black "Nikolakis2014"]
[Result "0-1"]
[WhiteElo "2501"]
[BlackElo "2631"]
[TimeControl "180+1"]
[EndTime "12:04:13 PDT"]
[Termination "Nikolakis2014 won on time"]

1. c4 Nf6 2. Nc3 e6 3. d4 Bb4 4. f3 d5 5. a3 Be7 6. e4 dxe4 7.
fxe4 e5 8. d5 Bc5 9. Nf3 O-O 10.
Qc2 Nbd7 11. Bg5 h6 12. Bh4 a5 13. O-O-O Re8 14. h3 Nf8 15. g4 Ng6 16. Bf2 Bxf2 17.
Qxf2 c6 18. g5 hxg5 19. Nxg5 Nf4 20. dxc6 Qc7 21. Nb5 Qxc6 22. Rd6 Nxe4 23. Nxe4 Qxe4 24. Rg1 Qh7 25. Nc7 Bf5 26. Nxe8 Rxe8 27. Qd2 Qh4 28. b3 Bg6 29. Kb2 Qe7 30. c5 Ne6 31. Bc4 Bf5 32.
Bxe6 Bxe6 33. Qg5 f6 34. Qe3 Bf5 35. h4 Qf7 36. Qf3 Be6 37. h5 a4 38. h6 g5 39. Rf1 f5 40. Qe3 Qf6 41. Rg1 f4 42.
h7+ Kh8 43. Qc3 Qg7 44. c6 bxc6 45.
Qxc6 e4+ 46. Kb1 Rb8 47. b4 Bf5 48. Qc5 Bxh7 0-1

[Event "*** Titled Tuesday Blitz"]
[Site "Chess.com"]
[Date "2021.04.27"]
[Round "11"]
[White "monikarozman"]
[Black "Shuvalov"]
[Result "1/2-1/2"]
[WhiteElo "2239"]
[BlackElo "2436"]
[TimeControl "180+1"]
[EndTime "12:04:15 PDT"]
[Termination "Game drawn by repetition"]

1. d4 Nf6 2. c4 g6 3. Nc3 d5 4. cxd5 Nxd5 5. e4 Nxc3 6. bxc3 Bg7 7. Bc4 c5 8. Ne2 O-O 9. O-O b6 10. Be3 Nc6 11. h4 cxd4 12. cxd4 Bg4 13. f3 Na5 14. Bd3 Be6 15. d5 Bxa1 16. Qxa1 f6 17. Kh1 Bd7 18. Bh6 Re8 19. e5 Nb7 20. h5 Nc5 21. Bc4 b5 22. Bb3 Nxb3 23. axb3 Bf5 24. Rd1 gxh5 25. Nf4 Bg6 26.
Ne6 Qd7 27. exf6 exf6 28. Qxf6 Qf7 29. Qg5 a5 30. Rc1 a4 31. Rc7 Qf5 32. Qd2 Qe5 33. Rg7+ Kh8 34. Rd7 Kg8 35. Rg7+ Kh8 36. Rd7 Kg8 37.
Rg7+ 1/2-1/2

[Event "*** Titled Tuesday Blitz"]
[Site "Chess.com"]
[Date "2021.04.27"]
[Round "11"]
[White "nss13"]
[Black "kingofthenil"]
[Result "1-0"]
[WhiteElo "2550"]
[BlackElo "2645"]
[TimeControl "180+1"]
[EndTime "12:04:16 PDT"]
[Termination "nss13 won by checkmate"]

1. e4 Nc6 2. Nf3 d5 3. exd5 Qxd5 4. Nc3 Qh5 5. Nb5 Kd8 6. d4 Bg4 7. Bf4 a6 8. d5 Bxf3 9. gxf3 Ne5 10. Nd4 Nf6 11.
c4 Kc8 12. Qb3 Ng6 13. Be3 e5 14. dxe6 fxe6 15. Nxe6 Qxf3 16. Rg1 Qf5 17. Bg2 c6 18. Nd4 Qd7 19. O-O-O Qe8 20. Rge1 Bc5 21. Bh3+ Kc7 22. Ne6+ Qxe6 23. Bxe6 Bd6 24. c5 Be5 25. Qb6+ Kb8 26. Bg5 Bc7 27. Qb3 Rf8 28. Bxf6 Rxf6 29. Bf7 Rxf7 30.
Qxf7 Ne5 31. Rxe5 Bxe5 32. Qe8+ Ka7 33. Qxe5 Rf8 34. Rd7 Rxf2 35. Qc7 Rf1+ 36. Kd2 Rf2+ 37. Ke3 Rf7 38. Qxb7# 1-0

[Event "*** Titled Tuesday Blitz"]
[Site "Chess.com"]
[Date "2021.04.27"]
[Round "11"]
[White "DarkAlekhine"]
[Black "Grieve72"]
[Result "1-0"]
[WhiteElo "2705"]
[BlackElo "2525"]
[TimeControl "180+1"]
[EndTime "12:04:18 PDT"]
[Termination "DarkAlekhine won on time"]

1. e4 c5 2. Nf3 e6 3. d4 cxd4 4.
Nxd4 Nc6 5. Nc3 Qc7 6. Be3 a6 7. Qd2 Nf6 8. f4 Bb4 9. Bd3 b5 10. a3 Be7 11. e5 Ng4 12. Bg1 Nxd4 13. Bxd4 Bb7 14. O-O-O f5 15. exf6 Nxf6 16. Rhe1 O-O 17. f5 Bc5 18. Bxc5 Qxc5 19. fxe6 dxe6 20. Rxe6 Rac8 21.
Kb1 Kh8 22. Qe2 b4 23. Re5 Qb6 24. Na4 Qc6 25. b3 bxa3 26. g4 Nd5 27. Qe4 g6 28.
Qd4 Qf6 29. Rxd5 Bxd5 30. Qxd5 Rfd8 31. Qa5 Rd4 32. Qb6 Qg7 33. Ka2 Rxg4 34. Kxa3 Rh4 35. Rd2 Qe7+ 36. Ka2 1-0

[Event "*** Titled Tuesday Blitz"]
[Site "Chess.com"]
[Date "2021.04.27"]
[Round "11"]
[White "vinniethepooh"]
[Black "ChadBiryani"]
[Result "1-0"]
[WhiteElo "2704"]
[BlackElo "2356"]
[TimeControl "180+1"]
[EndTime "12:04:20 PDT"]
[Termination "vinniethepooh won by checkmate"]

1. d4 f5 2. g3 Nf6 3. Bg2 e6 4. c4 Bd6 5. Nc3 O-O 6. Qc2 a6 7. Nh3 c5 8. dxc5 Bxc5 9. O-O Nc6 10. Bf4 d6 11. Rad1 Qe7 12. a3 e5 13. Bg5 Nd4 14. Qb1 Be6 15. e3 Nc6 16. b4 Ba7 17. Nd5 Qf7 18.
Bxf6 gxf6 19. b5 axb5 20. cxb5 Na5 21. Qb4 Bc5 22. Qh4 Kh8 23. a4 b6 24. Nxf6 Ra7 25.
Nd5 Qg6 26. Ng5 Bg8 27. Kh1 e4 28. Nf4 Qf6 29. Qh5 Bb3 30. Rc1 Bxa4 31. Nge6 Rg8 32. Bh3 Rf7 33. Rfd1 Bxd1 34. Rxd1 Nc4 35. Nxc5 bxc5 36.
Nd5 Qb2 37. Qxf7 Qxf2 38. Rf1 Qb2 39. Nf6 Rg7 40. Qf8+ Rg8 41. Qxg8# 1-0

[Event "*** Titled Tuesday Blitz"]
[Site "Chess.com"]
[Date "2021.04.27"]
[Round "11"]
[White "GM_dmitrij"]
[Black "Konavets"]
[Result "0-1"]
[WhiteElo "2955"]
[BlackElo "2974"]
[TimeControl "180+1"]
[EndTime "12:04:21 PDT"]
[Termination "Konavets won on time"]

1. e4 c6 2. d4 d5 3. e5 Bf5 4. Nf3 e6 5. Be2 Ne7 6. O-O h6 7. c3 Nd7 8. a4 a5 9. Na3 Qc7 10. Ne1 g5 11. f4 Bg7 12. Nac2 O-O-O 13. b4 f6 14. Bd3 Be4 15. bxa5 Qxa5 16. Ba3 Ng6 17.
Bb4 Qa7 18. Bxe4 dxe4 19. exf6 Nxf6 20. f5 Nf4 21. fxe6 Nxe6 22. Qe2 Nf4 23. Qc4 N6d5 24.
g3 Ne6 25. Ng2 Rhe8 26. Kh1 Qa6 27. Qb3 e3 28. Ngxe3 Nxe3 29. Nxe3 c5 30. dxc5 Qc6+ 31. Kg1 Nf4 32. gxf4 Rxe3 33. Qf7 Re2 34. Rf2 Rxf2 35. Kxf2 Rd2+ 36. Ke3 Qg2 37. Qg8+ Rd8 38. Qe6+ Kb8 0-1

[Event "*** Titled Tuesday Blitz"]
[Site "Chess.com"]
[Date "2021.04.27"]
[Round "11"]
[White "mjray79"]
[Black "NateSolon"]
[Result "0-1"]
[WhiteElo "2465"]
[BlackElo "2626"]
[TimeControl "180+1"]
[EndTime "12:04:21 PDT"]
[Termination "NateSolon won by resignation"]

1. d4 Nf6 2. c4 e6 3. g3 d5 4. Nf3 dxc4 5. Bg2 a6 6. O-O Nc6 7. e3 Rb8 8. Qe2 b5 9. b3 cxb3 10. axb3 Bb7 11. Bb2 Be7 12. Rc1 O-O 13. Nbd2 Nb4 14.
e4 Nd7 15. Qe3 Rc8 16. d5 exd5 17. e5 c5 18. e6 fxe6 19. Qxe6+ Kh8 20. Re1 Bf6 21.
Bxf6 Rxf6 22. Qh3 h6 23. Re2 Nf8 24. Qh5 d4 25. Rae1 Qd5 26. Re5 Qd6 27. Ng5 Bxg2 28. Kxg2 Nd3 29. Re8 Nxe1+ 30. Rxe1 Qd5+ 31. Nde4 Rf5 32. Qh3 Re8 33. Kf1 Rxg5 34. Nxg5 Rxe1+ 35. Kxe1 Qxg5 36. Qc8 Qe7+ 37. Kd2 Kh7 38. Qf5+ Ng6 39. h4 Qe5 40. Qd3 h5 41. Qf3 c4 42. bxc4 bxc4 43. Qc6 c3+ 44. Kd3 Ne7 45. Qb7 Nd5 46. f4 Qe3+ 47. Kc4 Nf6 48.
Qc8 c2 49. Qf5+ Kg8 50. Qc8+ Kf7 51. Qc7+ Qe7 0-1

[Event "*** Titled Tuesday Blitz"]
[Site "Chess.com"]
[Date "2021.04.27"]
[Round "11"]
[White "Zhigalko_Sergei"]
[Black "KuzubovYuriy"]
[Result "1-0"]
[WhiteElo "2952"]
[BlackElo "2868"]
[TimeControl "180+1"]
[EndTime "12:04:22 PDT"]
[Termination "Zhigalko_Sergei won by resignation"]

1. e4 c5 2. Nf3 d6 3. d3 g6 4. g3 Bg7 5. Bg2 Nc6 6. O-O Nf6 7. Re1 O-O 8. c3 e5 9. a4 a6 10. Na3 Rb8 11. Bg5 h6 12. Bxf6 Bxf6 13. Nc4 b5 14.
axb5 axb5 15. Ne3 Bg7 16. h4 h5 17. Ng5 f6 18. Nf3 Be6 19. d4 cxd4 20. cxd4 Nxd4 21. Nxd4 exd4 22. Nd5 Bxd5 23. exd5 Re8 24. Re6 Qd7 25.
Qb3 Kh7 26. Ra6 Qc7 27. Rc6 Qa5 28. Rcxd6 Qa4 29. Qf3 d3 30. Qxd3 Qa1+ 31. Kh2 Qxb2 32. Qe3 Rxe6 33. dxe6 Re8 34. e7 Bh6 35. Qe6 Qe5 36.
Qf7+ Bg7 37. Qxe8 Qxd6 38. Qf7 1-0

[Event "*** Titled Tuesday Blitz"]
[Site "Chess.com"]
[Date "2021.04.27"]
[Round "11"]
[White "Vice64"]
[Black "MaevskiyNikolay"]
[Result "0-1"]
[WhiteElo "2643"]
[BlackElo "2491"]
[TimeControl "180+1"]
[EndTime "12:04:26 PDT"]
[Termination "MaevskiyNikolay won by checkmate"]

1. e4 c5 2. Be2 Nc6 3. f4 g6 4. Nf3 Bg7 5. O-O d6 6. c3 Nf6 7. d3 O-O 8. Kh1 Rb8 9. Be3 b5 10. a3 a5 11. Nbd2 Ng4 12. Bg1 f5 13. exf5 gxf5 14.
d4 cxd4 15. cxd4 Be6 16. Rc1 Bd5 17. a4 bxa4 18. Bc4 Nb4 19. Qxa4 Kh8 20. Bxd5 Nxd5 21. Nc4 Nxf4 22. Nxa5 Ra8 23. b4 e5 24. dxe5 dxe5 25.
Rfd1 Qf6 26. Rc6 Qf7 27. h3 Qh5 28. Qc2 e4 29. Nh2 Ne5 30. Rc7 Ned3 31. Rxg7 Kxg7 32. Qc3+ Kg8 33. Rf1 Ne2 34. Qc4+ Rf7 35. Bf2 Nxf2+ 36.
Rxf2 Ng3+ 37. Kg1 Qd1+ 38. Nf1 e3 39. Rf3 Nxf1 40. Rxf1 e2 41. Qc6 exf1=Q+ 42. Kh2 Qf4+ 43. g3 Qf2+ 44. Qg2 Qdg1# 0-1

[Event "*** Titled Tuesday Blitz"]
[Site "Chess.com"]
[Date "2021.04.27"]
[Round "11"]
[White "Jumbo"]
[Black "OlegKrivonosov"]
[Result "1-0"]
[WhiteElo "2794"]
[BlackElo "2678"]
[TimeControl "180+1"]
[EndTime "12:04:27 PDT"]
[Termination "Jumbo won on time"]

1. e4 e5 2. Nf3 Nc6 3. Bc4 Bc5 4. c3 Nf6 5. d3 d6 6. Bg5 h6 7. Bh4 g5 8. Bg3 Nh5 9. d4 Nxg3 10. hxg3 Bb6 11.
dxe5 Nxe5 12. Nxe5 dxe5 13. Qh5 Qf6 14. Rf1 Be6 15.
Na3 O-O-O 16. Qf3 Qe7 17. Bxe6+ fxe6 18. Rd1 Rhf8 19. Qe2 Qc5 20. Rxd8+ Rxd8 21. g4 a6 22. g3 Rf8 23. f3 c6 24. Rh1 Rf6 25. Kf1 Qe3 26.
Qxe3 Bxe3 27. Nc4 Ba7 28. Ke2 Bb8 29. a4 b5 30. Nd2 Ba7 31. Ra1 Kb7 32. Nb3 Bb6 33.
a5 Ba7 34. Rd1 Kc7 35. Nc1 Bc5 36. Nd3 Bd6 37. b3 c5 38. c4 b4 39. Rh1 Kd7 40.
f4 1-0

[Event "*** Titled Tuesday Blitz"]
[Site "Chess.com"]
[Date "2021.04.27"]
[Round "11"]
[White "tapu2"]
[Black "Natalya_Buksa"]
[Result "1/2-1/2"]
[WhiteElo "2723"]
[BlackElo "2543"]
[TimeControl "180+1"]
[EndTime "12:04:28 PDT"]
[Termination "Game drawn - insufficient material"]

1. e4 c5 2. Nc3 Nc6 3. Bb5 Nd4 4. Nf3 Nxb5 5. Nxb5 d6 6. d4 a6 7. Nc3 cxd4 8. Qxd4 Nf6 9. Bg5 e6 10. O-O-O h6 11.
Bh4 Be7 12. e5 dxe5 13. Qxe5 Qb6 14. Ne4 Nxe4 15. Bxe7 Kxe7 16. Qxe4 Re8 17. Ne5 Qc5 18. Rhe1 a5 19. Qh7 Qxf2 20. Qxg7 Qf6 21. Qg3 Qg5+ 22. Kb1 Qxg3 23. hxg3 Rg8 24. Rd3 Ra6 25. Rh1 Rg5 26. Re3 Rd6 27. Kc1 Rd5 28. Nd3 h5 29. Rh4 Bd7 30. c4 Rdf5 31. Kd2 Bc6 32. Nf4 Kd7 33. Rd3+ Kc7 34. b3 e5 35. Nh3 Rg4 36. Ke3 Bxg2 37. Rxg4 hxg4 38. Nf2 Rf3+ 39. Ke2 Rxd3 40.
Kxd3 f5 41. a3 Kd6 42. b4 axb4 43. axb4 Bf3 44. Ke3 Ke6 45. Nd3 b6 46. Nb2 Kd6 47. Na4 Kc6 48. Nb2 Bg2 49. Nd3 Kd6 50. Kf2 Be4 51.
Nb2 f4 52. Na4 Kc6 53. Nc3 Bh1 54. Na4 b5 55. cxb5+ Kxb5 56. Nc5 Kxb4 57. Nd3+ Kc4 58. Nxe5+ Kd4 59. Nxg4 Ke4 60. gxf4 Kxf4 1/2-1/2

[Event "*** Titled Tuesday Blitz"]
[Site "Chess.com"]
[Date "2021.04.27"]
[Round "11"]
[White "AntonovaNadezhda"]
[Black "kidagent"]
[Result "1-0"]
[WhiteElo "2131"]
[BlackElo "2309"]
[TimeControl "180+1"]
[EndTime "12:04:28 PDT"]
[Termination "AntonovaNadezhda won by resignation"]

1. d4 d5 2. Nf3 Nf6 3. e3 Bf5 4. c4 e6 5. Nc3 c6 6. Nh4 Bg4 7. Qb3 Qc8 8. h3 Bh5 9. g4 Bg6 10. Nxg6 hxg6 11. Bg2 Nbd7 12. O-O Bd6 13. f4 dxc4 14.
Qxc4 Nd5 15. Qe2 Qc7 16. Ne4 Be7 17. Bd2 O-O-O 18. g5 f6 19. Rab1 e5 20. b4 Rhe8 21. b5 c5 22. Nxc5 Nxc5 23. dxc5 Bxc5 24. Rfc1 Nxf4 25. Qf2 Nxg2 26. Rxc5 Qxc5 27. Rc1 Qxc1+ 28. Bxc1 Rd1+ 29. Kxg2 Rxc1 30. gxf6 gxf6 31. Qxf6 Rd8 32. Qxg6 Rd2+ 33. Kf3 Kc7 34. Qg7+ Kd6 35. Qf6+ Kc5 36.
Qxe5+ Kb4 37. h4 Rxa2 38. Qe7+ Kxb5 39. Qxb7+ Kc4 40. Qc7+ Kd3 41. Qxc1 Rc2 42. Qb1 a5 43. Qb5+ Kd2 44. Qxa5+ 1-0

[Event "*** Titled Tuesday Blitz"]
[Site "Chess.com"]
[Date "2021.04.27"]
[Round "11"]
[White "Jungle_Jaguar"]
[Black "A-Fier"]
[Result "0-1"]
[WhiteElo "2691"]
[BlackElo "2828"]
[TimeControl "180+1"]
[EndTime "12:04:30 PDT"]
[Termination "A-Fier won by resignation"]

1. e4 c5 2. Nf3 Nc6 3. Bb5 Na5 4. O-O a6 5. Bd3 b5 6. c3 Nc6 7. Bc2 c4 8. b3 Bb7 9. Re1 e6 10. Na3 Qa5 11. b4 Qc7 12. d3 cxd3 13. Bxd3 Nge7 14. Bb2 Ng6 15. Rc1 Be7 16. Nb1 O-O 17. a3 Nf4 18. Bf1 Bf6 19. Qb3 Ne5 20. Nxe5 Qxe5 21.
Nd2 Qg5 22. Re3 d5 23. Kh1 dxe4 24. Nxe4 Bxe4 25. Rxe4 Rad8 26. c4 Rd2 27. Bxf6 Qxf6 28. Qe3 Qb2 29. Re1 Ng6 30. cxb5 axb5 31. Bxb5 Rfd8 32.
Kg1 Ne7 33. h3 Nf5 34. Qf3 Nd4 35. Rxd4 Qxd4 36. Bf1 Qb2 37. b5 g6 38. a4 R8d5 39.
a5 Rf5 40. Qg3 Rfxf2 41. a6 Qd4 42. Kh1 Ra2 43. Rb1 Qf6 44. Kg1 Qd4 45. Kh1 Qb6 46. Qd3 Rfd2 47. Qe4 Rd8 48. Qc6 Qxc6 49. bxc6 Rc8 50.
Rb6 e5 51. Bb5 e4 52. Rb7 e3 53. Re7 e2 54. a7 Rxa7 55. Rxe2 Ra5 56. Rb2 Rb8 57.
c7 Rc8 58. Kh2 Rxc7 59. Be2 Rac5 60. Bf3 Kg7 61. Rb8 Rc2 62. Rb4 R7c3 63. Rf4 f5 64. Kg3 h5 65. h4 Kf6 66. Ra4 Re3 67.
Ra6+ Re6 68. Kf4 Rxa6 0-1

[Event "*** Titled Tuesday Blitz"]
[Site "Chess.com"]
[Date "2021.04.27"]
[Round "11"]
[White "northridgehawk"]
[Black "Mikhail_Golubev"]
[Result "1-0"]
[WhiteElo "2367"]
[BlackElo "2532"]
[TimeControl "180+1"]
[EndTime "12:04:30 PDT"]
[Termination "northridgehawk won on time"]

1. e4 c5 2. Nf3 d6 3. d4 Nf6 4.
Nc3 cxd4 5. Nxd4 Nc6 6. f3 e5 7. Nb3 Be7 8. Be3 O-O 9. Qd2 a5 10. Bb5 Be6 11. O-O-O Nb4 12. a3 d5 13. axb4 d4 14.
bxa5 Bxb3 15. cxb3 Qxa5 16. Bxd4 exd4 17. Qxd4 Rfd8 18.
Qe3 Rdc8 19. Qd3 Rxc3+ 20. bxc3 Nxe4 21. Ba4 Nxc3 22. Qc4 b5 23. Bxb5 Nxb5 24. Rhe1 Na3 25. Qc6 Bg5+ 26. Kb2 Bf6+ 27. Kc1 Qg5+ 28. Rd2 Rf8 29.
Re8 Be7 30. Rxf8+ Bxf8 31. Qd5 Qf6 32. Qd4 Qc6+ 33. Kd1 Qb5 34. Qd3 Qb6 35. Ke2 Qg1 36. Qe3 Qxg2+ 37. Kd3 Qf1+ 38. Re2 Qb1+ 39. Kc3 Qc2+ 40.
Rxc2 Nb5+ 41. Kb2 1-0

[Event "*** Titled Tuesday Blitz"]
[Site "Chess.com"]
[Date "2021.04.27"]
[Round "11"]
[White "Beca95"]
[Black "miragha_yev"]
[Result "1-0"]
[WhiteElo "2876"]
[BlackElo "2743"]
[TimeControl "180+1"]
[EndTime "12:04:31 PDT"]
[Termination "Beca95 won by resignation"]

1. d4 d5 2. c4 e6 3. Nf3 Nf6 4.
Nc3 Be7 5. Bf4 O-O 6. e3 c5 7. dxc5 Bxc5 8. cxd5 exd5 9. Bd3 Nc6 10. O-O a6 11. Rc1 Ba7 12. Bb1 h6 13. h3 d4 14. exd4 Nxd4 15. Nxd4 Qxd4 16. Qf3 Qb4 17. Be5 Bd4 18. a3 Qb6 19. Bxd4 Qxd4 20. Rfd1 Qb6 21.
b4 Be6 22. Na4 Qb5 23. Nc5 Rad8 24. Nxe6 fxe6 25. Qe3 e5 26. Bd3 Qe8 27. Bc4+ Kh8 28. Rxd8 Qxd8 29. Qxe5 Qd2 30. Qc3 Qd6 31. Qe3 b5 32. Bb3 Re8 33. Qf3 Qd2 34. Rd1 Re1+ 35. Rxe1 Qxe1+ 36. Kh2 Qe5+ 37. g3 Qb2 38. Be6 h5 39. Kg2 Qd4 40. Bc8 Qd6 41. Qa8 Kh7 42. Bxa6 Nd5 43. Bxb5 Nc3 44. Bf1 Qd4 45. Qf3 g6 46. Bd3 Kg7 47. h4 Na2 48. Qe4 Qd6 49. Qxg6+ Qxg6 50. Bxg6 Kxg6 51. b5 Nc3 52. b6 1-0

[Event "*** Titled Tuesday Blitz"]
[Site "Chess.com"]
[Date "2021.04.27"]
[Round "11"]
[White "PotapovaM"]
[Black "Raud100"]
[Result "1-0"]
[WhiteElo "2572"]
[BlackElo "2454"]
[TimeControl "180+1"]
[EndTime "12:04:32 PDT"]
[Termination "PotapovaM won by resignation"]

1. d4 d5 2. c4 c6 3. Nf3 Nf6 4. g3 Bf5 5. Nc3 e6 6. Nh4 Bg4 7. f3 Bh5 8. Qb3 Qb6 9. c5 Qc7 10. Bf4 Qc8 11. g4 Bg6 12. Nxg6 hxg6 13. g5 Nh5 14. e3 Nxf4 15. exf4 Qc7 16. Bd3 Nd7 17. Ne2 b6 18. cxb6 axb6 19. Rc1 Bd6 20. Nc3 Qb7 21. Ne2 Rh4 22. Qc2 Rc8 23. Qa4 b5 24. Qb3 Bxf4 25. Nxf4 Rxf4 26. O-O Rxd4 27. Kh1 Qb6 28. Bxb5 Ke7 29.
Qa3+ c5 30. Bxd7 Kxd7 31. Qe3 Rb8 32. b3 Qd6 33. Rc2 e5 34. Rfc1 Rc8 35. a4 Ke6 36. Re1 c4 37. f4 f6 38. gxf6 gxf6 39. fxe5 fxe5 40. Qxd4 Re8 41. bxc4 Ke7 42. Qxe5+ Qxe5 43. Rxe5+ Kd6 44. Rxe8 1-0

[Event "*** Titled Tuesday Blitz"]
[Site "Chess.com"]
[Date "2021.04.27"]
[Round "11"]
[White "onnoelgersma"]
[Black "Irishchessman16"]
[Result "0-1"]
[WhiteElo "2447"]
[BlackElo "2328"]
[TimeControl "180+1"]
[EndTime "12:04:34 PDT"]
[Termination "Irishchessman16 won by resignation"]

1. Nf3 Nf6 2. c4 c5 3. e3 g6 4. b3 Bg7 5. Bb2 O-O 6. Be2 Nc6 7. O-O Re8 8. d4 cxd4 9. Nxd4 d5 10. Nxc6 bxc6 11.
Nc3 e5 12. Na4 Bf8 13. Rc1 Bd7 14. Bf3 Qa5 15. Qc2 Bf5 16. Qe2 Rac8 17. Rfd1 h5 18. h3 d4 19. e4 Be6 20. Rb1 Rb8 21. Bc1 Nd7 22. Bg5 Be7 23. Bh6 Kh7 24. Bd2 Bb4 25. Bc1 Nc5 26. Nxc5 Qxc5 27. Bxh5 Rh8 28. Bg4 Qe7 29.
Bxe6 Qxe6 30. Qg4 f5 31. Qf3 Kg7 32. Bd2 Be7 33. Re1 Rbf8 34. Qe2 f4 35. Qf3 g5 36.
Qg4 Qxg4 37. hxg4 f3 38. gxf3 Rh3 39. Kg2 Rhxf3 40. Re2 d3 41. Rbe1 dxe2 42. Rxe2 Bc5 43. Be1 Bd4 44. Kg1 Rg3+ 45. Kf1 Rxg4 0-1

[Event "*** Titled Tuesday Blitz"]
[Site "Chess.com"]
[Date "2021.04.27"]
[Round "11"]
[White "The_filthy"]
[Black "AldokhinIvan"]
[Result "0-1"]
[WhiteElo "2402"]
[BlackElo "2529"]
[TimeControl "180+1"]
[EndTime "12:04:35 PDT"]
[Termination "AldokhinIvan won on time"]

1. e4 c5 2. Nf3 e6 3. d4 cxd4 4. Nxd4 a6 5. Bd3 Qc7 6. Nc3 Nf6 7. a4 Bc5 8. Nb3 Ba7 9. O-O Nc6 10. Qe2 h5 11. Be3 Ng4 12. g3 Nxe3 13. fxe3 h4 14. Rf3 Ne5 15. Rf4 g5 16. Rf2 hxg3 17. hxg3 d6 18. Rg2 g4 19. Nd4 Bd7 20. Rf1 O-O-O 21. Rf4 Rh3 22. Rxg4 Nxg4 23. Qxg4 Rh7 24. e5 dxe5 25.
Bxh7 exd4 26. exd4 f5 27. Qh4 Bc6 28. Rd2 Rh8 29. Rh2 Qg7 30. Kf1 Bxd4 31. Ne2 Bxb2 32.
Nf4 Qd4 33. Re2 Qxa4 34. Qe7 Qa1+ 35. Re1 Bb5+ 36. Nd3 Qa2 37. Rxe6 Rxh7 38. Qxh7 Qxe6 39. Qh8+ Qe8 40. Qxb2 Kb8 41. Qc3 Ka8 42. Kf2 Qe4 0-1

[Event "*** Titled Tuesday Blitz"]
[Site "Chess.com"]
[Date "2021.04.27"]
[Round "11"]
[White "MeekinsKris"]
[Black "GMJustin"]
[Result "1/2-1/2"]
[WhiteElo "2218"]
[BlackElo "2291"]
[TimeControl "180+1"]
[EndTime "12:04:35 PDT"]
[Termination "Game drawn by repetition"]

1. e4 c5 2. d4 cxd4 3. c3 dxc3 4.
Nxc3 Nc6 5. Bc4 e6 6. Nf3 Nge7 7.
Bg5 f6 8. Be3 a6 9. O-O Ng6 10.
Nd4 Nxd4 11. Qxd4 Be7 12. a4 O-O 13. Rfd1 Qc7 14. g3 f5 15. exf5 Rxf5 16. Bd3 Ne5 17. Be4 Nf3+ 18. Bxf3 Rxf3 19. Qg4 Rf7 20. Ne4 b6 21.
Rac1 Qe5 22. Bd4 Qf5 23. Qxf5 exf5 24. Nc3 b5 25. axb5 axb5 26. Nxb5 Bb7 27. Bc3 f4 28. Rxd7 Bc6 29. Nc7 Rc8 30. Rcd1 Bxd7 31. Rxd7 Bf6 32. Rxf7 Kxf7 33. Nd5 Bxc3 34. bxc3 f3 35. h4 Ra8 36. Ne3 Ra1+ 37. Kh2 Ra2 38. Kg1 Ke6 39. Nf1 h5 40.
Nh2 Rc2 41. Nxf3 Rxc3 42. Ng5+ Kf5 43. Kg2 Rc2 44. Nf3 Ra2 45. Nd4+ Ke5 46. Nf3+ Ke4 47. Ng5+ Kf5 48. Nh3 g6 49. Ng5 Kf6 50. Nh3 Kf5 51.
Ng5 Ke5 52. Nh3 Kf5 1/2-1/2

[Event "*** Titled Tuesday Blitz"]
[Site "Chess.com"]
[Date "2021.04.27"]
[Round "11"]
[White "WonderChampion"]
[Black "malakismayil"]
[Result "0-1"]
[WhiteElo "2097"]
[BlackElo "2249"]
[TimeControl "180+1"]
[EndTime "12:04:35 PDT"]
[Termination "malakismayil won on time"]

1. d4 Nf6 2. Bg5 e6 3. e4 Be7 4.
Bd3 h6 5. Bxf6 Bxf6 6. Nf3 d6 7.
O-O Nc6 8. Nc3 O-O 9. Bb5 Bd7 10. Re1 e5 11. d5 Ne7 12. Bxd7 Qxd7 13. h3 Ng6 14. Qd2 Nf4 15. Nh2 Bg5 16. Qd1 f5 17. exf5 Qxf5 18. Ne4 Bh4 19. Qg4 Qxg4 20. Nxg4 Nxd5 21.
g3 Be7 22. c4 Nb4 23. Rad1 Nc2 24. Re2 Nd4 25. Re3 h5 26. Nh2 Rf7 27. b3 Raf8 28.
Rd2 Rf5 29. Red3 g5 30. b4 Kg7 31. g4 hxg4 32. hxg4 Rf4 33. Ng3 Kg6 34. Kg2 Ne6 35. Nf5 Rxg4+ 36. Nxg4 Rxf5 37. Re3 Rf4 38. Nh2 Rxc4 39.
Rb2 Bf6 40. Rbb3 Nf4+ 41. Kg3 Nd5 42. Rf3 e4 0-1